 Dungeon Crawl Stone Soup version 0.13-a0-2214-g11ebcbd (webtiles) character file.

251 Kae the Chiller (level 4, -2/30 HPs)
             Began as a Merfolk Ice Elementalist on July 3, 2013.
             Slain by a gnoll
             ... wielding a +0,+0 spear
              (8 damage)
             ... on Level 2 of the Dungeon.
             The game lasted 00:05:16 (3094 turns).

Kae the Chiller (Merfolk Ice Elementalist)          Turns: 3094, Time: 00:05:17

HP  -2/30        AC  2     Str  8      XL: 4   Next: 98%
MP   8/8         EV 14     Int 15      God:
Gold 137         SH  0     Dex 14      Spells:  2 memorised,  4 levels left

Res.Fire  : . . .   See Invis. : .   t - +0 spear
Res.Cold  : . . .   Warding    : .   a - +0 robe
Life Prot.: . . .   Conserve   : .   (no shield)
Res.Poison: .       Res.Corr.  : .   (no helmet)
Res.Elec. : .       Clarity    : +   (no cloak)
Sust.Abil.: . .     Spirit.Shd : .   (no gloves)
Res.Mut.  : .       Stasis     : .   (no boots)
Res.Rott. : .       Flight     : .   g - amulet of clarity
Saprovore : . . .                    n - ring of sustenance
                                     (no ring)

@: slightly resistant to hostile enchantments, fairly stealthy
A: change form in water, swift swim
a: no special abilities


You were on level 2 of the Dungeon.
You were very hungry.

You visited 1 branch of the dungeon, and saw 3 of its levels.

You collected 117 gold pieces.

Inventory:

Hand weapons
 t - a +0,+0 spear (weapon)
Armour
 a - a +0 robe (worn)
Comestibles
 c - 2 bread rations
 m - 6 grapes
Scrolls
 f - a scroll of enchant weapon II {unknown}
 j - 2 scrolls of blinking {unknown}
 k - a scroll of noise {unknown}
 p - a scroll of random uselessness {unknown}
 q - a scroll of remove curse {unknown}
 r - a scroll of fear {unknown}
 s - a scroll of teleportation {unknown}
Jewellery
 d - an uncursed ring of fire
 g - an amulet of clarity (around neck)
 i - an uncursed amulet of inaccuracy {unknown}
 n - a ring of sustenance (right hand)
Potions
 e - 3 potions of curing
 h - 2 potions of heal wounds
 l - a potion of might {unknown}
 o - a potion of agility {unknown}
Books
 b - a book of Frost

   Spells                             Type                      Level
   *Freeze                            Ice                          1
   *Throw Frost                       Conjuration/Ice              2
   Ozocubu's Armour                   Charms/Ice                   3
   Throw Icicle                       Conjuration/Ice              4
   Summon Ice Beast                   Ice/Summoning                4
   Condensation Shield                Ice                          4


   Skills:
 * Level 1.1 Polearms
 * Level 4.2 Dodging
 - Level 2.1 Stealth
 + Level 2.0 Spellcasting
 * Level 1.4 Conjurations
 * Level 4.3 Ice Magic


You had 4 spell levels left.
You knew the following spells:

 Your Spells              Type           Power        Failure   Level  Hunger
a - Freeze                Ice            ##..         4%          1    #......
b - Throw Frost           Conj/Ice       ##....       12%         2    ###....


Dungeon Overview and Level Annotations

Branches:
Dungeon (3/27)

Altars:


Message History

Attack whom?
Press: ? - help, Dir - move target cursor, f/p - gnoll
Aim: a gnoll, wielding a spear and wearing a leather armour (moderately wounded)
You reach to attack!
You closely miss the gnoll.
The gnoll is moderately wounded.
The gnoll misses you.
Attack whom?
Press: ? - help, Dir - move target cursor, f/p - gnoll
Aim: a gnoll, wielding a spear and wearing a leather armour (moderately wounded)
You reach to attack!
You hit the gnoll but do no damage.
The gnoll is moderately wounded.
The gnoll hits you from afar with a spear!
* * * LOW HITPOINT WARNING * * *
Attack whom?
Press: ? - help, Dir - move target cursor, f/p - gnoll
Aim: a gnoll, wielding a spear and wearing a leather armour (moderately wounded)
You reach to attack!
You hit the gnoll.
The gnoll is moderately wounded.
The gnoll hits you from afar with a spear!
You die...

#.......#...#.##.##.#
#.......#....##.###8#
#.......#.....#.#####
####'####.....##.## #
#..>.........#.#.# # ######
#....###.....#.#.### #....#
#....##...#.#####.## #....#
#..).##.......####.# #....#
#..@.##...#.##.###.#
#....####............##.#.##
#..........g)........###.###
##........##.........# #.# #
#........##...#.....###.# #
#..................###.## #
#........####.#...#.#.## #
#..........##.......##.## #
#####...##....####.....###.###


You could see a gnoll.

Vanquished Creatures
  3 adders (D:2)
  3 gnolls (D:2)
  A worm (D:2)
  6 giant geckos
  2 oozes
  4 giant cockroaches
  5 hobgoblins
  A ball python (D:1)
  2 bats
  4 giant newts
  5 goblins
  3 jackals (D:1)
  6 kobolds
  4 rats
49 creatures vanquished.

Vanquished Creatures (others)
  A rat (D:2)
1 creature vanquished.

Grand Total: 50 creatures vanquished

Notes
Turn   | Place    | Note
--------------------------------------------------------------
     0 | D:1      | Kae, the Merfolk Ice Elementalist, began the quest for the Orb.
     0 | D:1      | Reached XP level 1. HP: 13/13 MP: 3/3
   373 | D:1      | Reached XP level 2. HP: 17/19 MP: 4/4
  1301 | D:2      | Reached XP level 3. HP: 21/24 MP: 6/6
  1546 | D:2      | Learned a level 2 spell: Throw Frost
  1640 | D:2      | Reached skill level 1 in Conjurations
  1746 | D:2      | Reached skill level 4 in Ice Magic
  1882 | D:2      | Reached XP level 4. HP: 25/30 MP: 4/7
  2949 | D:2      | Reached skill level 1 in Polearms
  3094 | D:2      | Slain by a gnoll

Action                   |  1- 3 |  4- 6 || total
-------------------------+-------+-------++-------
Melee: Unarmed           |    25 |     4 ||    29
       Spear             |       |    38 ||    38
 Cast: Freeze            |    58 |    25 ||    83
       Throw Frost       |       |     5 ||     5
  Use: Scroll            |     3 |       ||     3
       Potion            |       |     4 ||     4
 Stab: Sleeping          |     1 |       ||     1
       Distracted        |       |     1 ||     1
